[Event "ICC tourney 2928 (40 10)"]
[Site "Internet Chess Club"]
[Date "2022.06.04"]
[Round "2"]
[White "S.M, UMER:uncrackable"]
[Black "SULTAN, BASHIR Cisse:muzikmixer"]
[Result "1-0"]
[ICCResult "Black resigns"]
[WhiteElo "1800"]
[BlackElo "1545"]
[Opening "Modern defense"]
[ECO "A40"]
[NIC "QO.17"]
[Time "13:15:09"]
[PlyCount "57"]
[TimeControl "2400+10"]

1. d4 g6 2. Nf3 Bg7 3. g3 d5 4. Bg2 Nh6 5. O-O O-O 6. c4 dxc4 7. Na3 Nf5 8.
d5 c3 9. bxc3 Bxc3 10. Rb1 Bg7 11. e4 Nd6 12. e5 Ne8 13. Bf4 c6 14. d6 e6
15. Qd2 Nd7 16. Nc4 Nb6 17. Na5 f6 18. Rfd1 g5 19. exf6 gxf4 20. fxg7 Nxg7
21. d7 Bxd7 22. Ne5 Nd5 23. Rxb7 Bc8 24. Naxc6 Qd6 25. Rb3 fxg3 26. Rxg3 Kh8
27. Qh6 Qc7 28. Ng6+ Kg8 29. Nge7+ {Black resigns} 1-0

[Event "ICC tourney 2928 (40 10)"]
[Site "Internet Chess Club"]
[Date "2022.06.04"]
[Round "2"]
[White "Ledas, Armandas:ArmandasLedas"]
[Black "HANKE, HARVEY:ThinkingPanda"]
[Result "1/2-1/2"]
[ICCResult "White stalemated"]
[WhiteElo "1378"]
[BlackElo "1601"]
[Opening "Ruy Lopez: Schliemann defense"]
[ECO "C63"]
[NIC "RL.06"]
[Time "13:15:21"]
[PlyCount "108"]
[TimeControl "2400+10"]

1. e4 e5 2. Nf3 Nc6 3. Bb5 f5 4. d3 fxe4 5. dxe4 Nf6 6. Nc3 Bb4 7. Bd3 d5 8.
exd5 Nxd5 9. Bd2 Bxc3 10. bxc3 Bg4 11. h3 Bh5 12. Be4 Nf6 13. Bxc6+ bxc6 14.
Be3 Qxd1+ 15. Rxd1 e4 16. g4 Bxg4 17. hxg4 exf3 18. Rh3 Nxg4 19. Rxf3 Nf6
20. Bc5 Nd5 21. c4 Nb6 22. Re3+ Kf7 23. Re7+ Kg6 24. Re6+ Kf5 25. Rxc6 Nxc4
26. Rd5+ Ne5 27. Rxc7 Ke4 28. Rd4+ Kf5 29. Kf1 Rac8 30. Rxc8 Rxc8 31. Bxa7
Rxc2 32. Bb8 Nc6 33. Rd5+ Ke6 34. Rb5 Nxb8 35. Rxb8 Rxa2 36. Rb6+ Kf5 37.
Rb5+ Kg6 38. Rb6+ Kh5 39. Rb5+ g5 40. f4 h6 41. fxg5 hxg5 42. Rb4 g4 43. Kg1
Kh4 44. Rb3 g3 45. Rb8 Ra5 46. Rh8+ Kg4 47. Rg8+ Kf4 48. Rf8+ Rf5 49. Rxf5+
Kxf5 50. Kf1 Kg4 51. Kg2 Kh4 52. Kg1 Kh3 53. Kh1 g2+ 54. Kg1 Kg3
{White stalemated}
1/2-1/2

[Event "ICC tourney 2928 (40 10)"]
[Site "Internet Chess Club"]
[Date "2022.06.04"]
[Round "2"]
[White "LIN, MICHAEL:knightseu"]
[Black "FURMAN, MIKHAIL:mfurm"]
[Result "0-1"]
[ICCResult "White checkmated"]
[WhiteElo "1234"]
[BlackElo "1583"]
[Opening "Nimzo-Indian: classical, 4...c5"]
[ECO "E38"]
[NIC "NI.22"]
[Time "13:15:15"]
[PlyCount "82"]
[TimeControl "2400+10"]

1. d4 Nf6 2. c4 e6 3. Nc3 Bb4 4. Qc2 c5 5. e3 Nc6 6. Nf3 d6 7. a3 Ba5 8. Bd3
e5 9. d5 Ne7 10. Bd2 a6 11. Ne4 Bxd2+ 12. Nfxd2 Nxe4 13. Bxe4 f5 14. Bf3 Qa5
15. e4 f4 16. h4 Bd7 17. Qc3 Qxc3 18. bxc3 b5 19. O-O Kf7 20. Rfb1 Rhb8 21.
g3 fxg3 22. fxg3 Nc8 23. Rf1 Ke7 24. Rab1 Nb6 25. Be2 Na4 26. Rfc1 Rb7 27.
Bd1 Rab8 28. Kf2 bxc4 29. Rxb7 Rxb7 30. Nxc4 Nb2 31. Nxb2 Rxb2+ 32. Rc2 Rb3
33. Ra2 Rxc3 34. a4 Rc1 35. Bc2 c4 36. Rb2 c3 37. Ra2 a5 38. Ke3 Bc8 39. Kd3
Rg1 40. Kxc3 Rxg3+ 41. Kc4 Ba6# {White checkmated} 0-1

[Event "ICC tourney 2928 (40 10)"]
[Site "Internet Chess Club"]
[Date "2022.06.04"]
[Round "2"]
[White "PARAGUA, MEGAN ALTHEA:PrincessOfChess"]
[Black "CAREY, MICHAEL P:xyzchessdude"]
[Result "1/2-1/2"]
[ICCResult "Game drawn by mutual agreement"]
[WhiteElo "1573"]
[BlackElo "1822"]
[Opening "Sicilian: Nimzovich-Rossolimo attack (with ...g6, without ...d6)"]
[ECO "B31"]
[NIC "SI.31"]
[Time "13:15:27"]
[PlyCount "55"]
[TimeControl "2400+10"]

1. e4 c5 2. Nf3 Nc6 3. Bb5 g6 4. O-O Bg7 5. c3 Nf6 6. Re1 O-O 7. d4 d5 8.
exd5 Qxd5 9. Bxc6 Qxc6 10. Ne5 Qc7 11. dxc5 Qxc5 12. Na3 Be6 13. Nd3 Qc8 14.
Nc2 Rd8 15. Nd4 Rd6 16. Bf4 Rb6 17. a4 Nh5 18. a5 Bxd4 19. axb6 Bxb6 20. Be3
Qc7 21. Qa4 Rd8 22. Bxb6 Qxb6 23. Re3 a6 24. Qb4 Qxb4 25. cxb4 Bc4 26. Nc5
e6 27. b3 Bb5 28. Nxb7 {Game drawn by mutual agreement} 1/2-1/2

[Event "ICC tourney 2928 (40 10)"]
[Site "Internet Chess Club"]
[Date "2022.06.04"]
[Round "2"]
[White "Wang, Bohan:BohanChess"]
[Black "BERKLEY, DARRIN K:drberkley"]
[Result "1/2-1/2"]
[ICCResult "White stalemated"]
[WhiteElo "1415"]
[BlackElo "1761"]
[Opening "Pirc defense"]
[ECO "B07"]
[NIC "PU.08"]
[Time "13:15:09"]
[PlyCount "136"]
[TimeControl "2400+10"]

1. e4 d6 2. d4 Nf6 3. Bd3 e5 4. dxe5 dxe5 5. Nf3 Nc6 6. O-O Be7 7. Nc3 O-O
8. Be3 Ng4 9. Bd2 h6 10. h3 Nf6 11. Be3 Nd4 12. Nxe5 Ne6 13. f4 Nc5 14. f5
Re8 15. Bc4 Rf8 16. Qf3 Bd6 17. Ng4 Ncd7 18. Nd5 Nxg4 19. Qxg4 Ne5 20. Qe2
Nxc4 21. Qxc4 c6 22. Nf4 Re8 23. Rad1 Qc7 24. f6 g5 25. Nh5 Be6 26. Qe2 Bf8
27. Bd4 c5 28. Bc3 Qc6 29. Ng7 Red8 30. Qh5 Qxe4 31. Qxh6 Rd5 32. Rde1 Qxc2
33. Rxe6 Rad8 34. Ree1 b5 35. Be5 Qd2 36. Qh5 Rxe5 37. Rxe5 Qd4+ 38. Kh1
Qxe5 39. h4 Bxg7 40. fxg7 Qxg7 41. Rf5 f6 42. hxg5 Rd1+ 43. Qxd1 Qh7+ 44.
Kg1 Qxf5 45. Qd8+ Kg7 46. Qxf6+ Qxf6 47. gxf6+ Kxf6 48. Kf2 c4 49. Ke3 Ke5
50. g4 a5 51. g5 a4 52. a3 b4 53. g6 Kf6 54. Kd4 c3 55. Kd3 cxb2 56. Kc2
bxa3 57. Kb1 Kxg6 58. Ka2 Kf6 59. Kb1 Ke5 60. Kc2 Kd4 61. Kb1 Kc4 62. Kc2
Kb4 63. Kb1 a2+ 64. Kxb2 a3+ 65. Kxa2 Ka4 66. Ka1 Kb3 67. Kb1 a2+ 68. Ka1
Ka3 {White stalemated} 1/2-1/2

[Event "ICC tourney 2928 (40 10)"]
[Site "Internet Chess Club"]
[Date "2022.06.04"]
[Round "3"]
[White "RAMAN, ARJUN:jojoraman"]
[Black "LEONG, ANSON:CaptainAL13"]
[Result "1-0"]
[ICCResult "Black checkmated"]
[WhiteElo "1619"]
[BlackElo "1378"]
[Opening "French: Tarrasch, closed variation, main line"]
[ECO "C06"]
[NIC "FR.17"]
[Time "15:30:56"]
[PlyCount "93"]
[TimeControl "2400+10"]

1. e4 e6 2. d4 d5 3. Nd2 Nf6 4. e5 Nfd7 5. Bd3 c5 6. c3 Nc6 7. Ne2 cxd4 8.
cxd4 Be7 9. Nf3 O-O 10. O-O Nb6 11. Nf4 f6 12. Re1 fxe5 13. Nxe5 Nxe5 14.
Rxe5 Rf6 15. Qg4 Qf8 16. Nxe6 Bxe6 17. Rxe6 Rxe6 18. Qxe6+ Qf7 19. Bxh7+ Kf8
20. Qxf7+ Kxf7 21. Bd3 Rc8 22. Be3 Nc4 23. Rc1 b5 24. b3 Nb6 25. Rxc8 Nxc8
26. Bxb5 Bb4 27. Bc6 Ne7 28. Bb7 Ke6 29. Bf4 Nf5 30. Bc8+ Kf6 31. Be5+ Kg6
32. Bxf5+ Kxf5 33. Bxg7 Ke4 34. Be5 Bc3 35. Kf1 Kd3 36. h4 a5 37. h5 Bd2 38.
f4 Bxf4 39. Bxf4 Kxd4 40. h6 Kc3 41. h7 d4 42. h8=Q Kd3 43. Be5 Kc2 44. Bxd4
Kb1 45. Qh7+ Kxa2 46. Qc2+ Ka3 47. Bc5# {Black checkmated} 1-0

[Event "ICC tourney 2928 (40 10)"]
[Site "Internet Chess Club"]
[Date "2022.06.04"]
[Round "3"]
[White "INDUKURI, SUHAS VARMA:Suhas12"]
[Black "DONG, RYAN PENG:ThePianoManRyan"]
[Result "1-0"]
[ICCResult "Black resigns"]
[WhiteElo "1510"]
[BlackElo "1190"]
[Opening "Sicilian: Pelikan (Lasker/Sveshnikov) variation"]
[ECO "B33"]
[NIC "SI.35"]
[Time "15:30:15"]
[PlyCount "31"]
[TimeControl "2400+10"]

1. e4 c5 2. Nf3 Nc6 3. d4 cxd4 4. Nxd4 Nf6 5. Nc3 e5 6. Nb3 Bb4 7. Bd3 d5 8.
exd5 Nxd5 9. Bd2 O-O 10. O-O Kh8 11. Re1 f5 12. Bb5 e4 13. Nxd5 Bxd2 14.
Qxd2 Ne5 15. Nc3 Qh4 16. Qd6 {Black resigns} 1-0

[Event "ICC tourney 2928 (40 10)"]
[Site "Internet Chess Club"]
[Date "2022.06.04"]
[Round "3"]
[White "GEVORGYAN, DAVIT:Davo29"]
[Black "PARAGUA, MEGAN ALTHEA:PrincessOfChess"]
[Result "0-1"]
[ICCResult "White resigns"]
[WhiteElo "1715"]
[BlackElo "1573"]
[Opening "Sicilian: Canal-Sokolsky attack, Sokolsky variation"]
[ECO "B52"]
[NIC "SI.01"]
[Time "15:30:13"]
[PlyCount "76"]
[TimeControl "2400+10"]

1. e4 c5 2. Nf3 d6 3. Bb5+ Bd7 4. Bxd7+ Qxd7 5. c4 Nf6 6. Nc3 e6 7. d4 cxd4
8. Nxd4 Be7 9. Be3 O-O 10. f3 Nc6 11. Qd2 Rfd8 12. O-O d5 13. cxd5 exd5 14.
Nxc6 Qxc6 15. exd5 Nxd5 16. Nxd5 Rxd5 17. Qe2 Re5 18. Qf2 Rxe3 19. Qxe3 Bc5
20. Rfe1 Re8 21. Qxc5 Qxc5+ 22. Kf1 Rxe1+ 23. Rxe1 f6 24. Re2 Kf7 25. Rd2
Qc4+ 26. Kf2 Ke6 27. b3 Qh4+ 28. Ke3 Qxh2 29. Rc2 h5 30. Re2 g5 31. Kf2+ Kf5
32. Ke3 Qg1+ 33. Kd3 g4 34. fxg4+ hxg4 35. Re3 Kf4 36. Re4+ Kg3 37. Kc4 Qxg2
38. Kd5 f5 {White resigns} 0-1

[Event "ICC tourney 2928 (40 10)"]
[Site "Internet Chess Club"]
[Date "2022.06.04"]
[Round "3"]
[White "PUGH, RICHARD:rpughiii"]
[Black "PU, LANDON:landonp"]
[Result "0-1"]
[ICCResult "White resigns"]
[WhiteElo "1367"]
[BlackElo "1627"]
[Opening "Nimzovich-Larsen attack: Indian variation"]
[ECO "A01"]
[NIC "VO.08"]
[Time "15:30:15"]
[PlyCount "24"]
[TimeControl "2400+10"]

1. b3 Nf6 2. Bb2 g6 3. e4 d6 4. Nf3 Bg7 5. d3 c5 6. Nbd2 Nc6 7. Be2 O-O 8.
O-O Re8 9. c4 Nxe4 10. Bxg7 Nxd2 11. Qxd2 Kxg7 12. d4 Bg4 {White resigns}
0-1

[Event "ICC tourney 2928 (40 10)"]
[Site "Internet Chess Club"]
[Date "2022.06.04"]
[Round "3"]
[White "WU, DARREN:chessboy111"]
[Black "Wang, Bohan:BohanChess"]
[Result "0-1"]
[ICCResult "White resigns"]
[WhiteElo "1173"]
[BlackElo "1415"]
[Opening "Sicilian: closed"]
[ECO "B23"]
[NIC "SI.44"]
[Time "15:30:20"]
[PlyCount "92"]
[TimeControl "2400+10"]

1. e4 c5 2. Nc3 d6 3. g3 Nf6 4. Bg2 Nc6 5. d3 g6 6. f4 Bg7 7. Nge2 Bg4 8. h3
Bxe2 9. Qxe2 Nd4 10. Qf2 e6 11. O-O O-O 12. g4 Nd7 13. f5 Qe7 14. Be3 Rae8
15. h4 exf5 16. Nd5 Qd8 17. gxf5 Nf6 18. Bg5 h6 19. Nxf6+ Bxf6 20. Bxf6 Qxf6
21. c3 Nc6 22. Qg3 g5 23. hxg5 hxg5 24. Qh3 Kg7 25. Bf3 Rh8 26. Qg2 Rh4 27.
Kf2 Ne5 28. Rad1 Reh8 29. Rh1 Rxh1 30. Rxh1 Nxd3+ 31. Kg1 Rxh1+ 32. Kxh1
Qh6+ 33. Kg1 Qh4 34. Qd2 Nf4 35. c4 Qg3+ 36. Bg2 Nxg2 37. Qxg2 Qxg2+ 38.
Kxg2 Kf6 39. Kf3 Ke5 40. b3 b6 41. a4 a5 42. Ke3 f6 43. Kf3 Kd4 44. Kg3 Kxe4
45. Kg4 Ke5 46. Kf3 Kxf5 {White resigns} 0-1

[Event "ICC tourney 2928 (40 10)"]
[Site "Internet Chess Club"]
[Date "2022.06.04"]
[Round "3"]
[White "Xiong, Michael:supermarshadow"]
[Black "SAPRU, AGASTYA:auggie29"]
[Result "0-1"]
[ICCResult "White checkmated"]
[WhiteElo "1199"]
[BlackElo "1518"]
[Opening "Dutch with c4 & Nc3"]
[ECO "A85"]
[NIC "HD.05"]
[Time "15:30:44"]
[PlyCount "92"]
[TimeControl "2400+10"]

1. d4 f5 2. c4 Nf6 3. Nc3 e6 4. Bg5 Bb4 5. Nf3 b6 6. a3 Bxc3+ 7. bxc3 h6 8.
Bf4 Bb7 9. e3 d6 10. Bd3 Nbd7 11. Rb1 O-O 12. O-O Bxf3 13. Qxf3 e5 14. dxe5
dxe5 15. Bxf5 exf4 16. Qxf4 Nc5 17. Rfd1 Qe7 18. Rd4 Rad8 19. Rbd1 Rxd4 20.
Rxd4 Rd8 21. g3 Rxd4 22. cxd4 Ne6 23. Qe5 Kf7 24. Bxe6+ Qxe6 25. Qxc7+ Qd7
26. Qe5 Qa4 27. Qd6 Qxc4 28. Kg2 Qd5+ 29. Qxd5+ Nxd5 30. e4 Nc3 31. Kf3 a5
32. Kf4 b5 33. d5 b4 34. d6 Ke6 35. e5 b3 36. f3 b2 37. Ke3 b1=Q 38. f4 Qe4+
39. Kd2 Qd4+ 40. Kc2 Ne4 41. Kb3 Qc3+ 42. Ka4 Nc5+ 43. Kb5 Nd7 44. Ka4 Qb2
45. Kxa5 Qb6+ 46. Ka4 Nc5# {White checkmated} 0-1

[Event "ICC tourney 2928 (40 10)"]
[Site "Internet Chess Club"]
[Date "2022.06.04"]
[Round "3"]
[White "BERKLEY, DARRIN K:drberkley"]
[Black "Ledas, Armandas:ArmandasLedas"]
[Result "1-0"]
[ICCResult "Black checkmated"]
[WhiteElo "1761"]
[BlackElo "1378"]
[Opening "Robatsch (modern) defense"]
[ECO "B06"]
[NIC "KF.06"]
[Time "15:30:19"]
[PlyCount "85"]
[TimeControl "2400+10"]

1. e4 g6 2. Nc3 Bg7 3. f4 d6 4. Nf3 c5 5. Bc4 Bg4 6. Bxf7+ Kxf7 7. Ng5+ Ke8
8. Qxg4 Nf6 9. Qe6 Rf8 10. e5 dxe5 11. fxe5 Nh5 12. d3 Qd7 13. Be3 Nf4 14.
Bxf4 Rxf4 15. Qg8+ Bf8 16. O-O-O Nc6 17. e6 Qd4 18. Nxh7 Kd8 19. Nxf8 Kc7
20. Nb5+ Kb6 21. Nxd4 Raxf8 22. Qxg6 Nxd4 23. c3 Nc6 24. Qg7 Rf2 25. Rd2
R2f5 26. Re1 R8f6 27. g4 Rf3 28. h4 Rh3 29. h5 Rh4 30. g5 Rf5 31. h6 Rf3 32.
h7 Rfh3 33. g6 Rh6 34. Qxh6 Rxh6 35. g7 Rxh7 36. g8=Q Rh5 37. Rf2 Rd5 38.
Kc2 Ka5 39. Rf4 Ne5 40. c4 Nxc4 41. dxc4 Rd6 42. Qe8 b5 43. Qxb5#
{Black checkmated}
1-0

[Event "ICC tourney 2928 (40 10)"]
[Site "Internet Chess Club"]
[Date "2022.06.04"]
[Round "3"]
[White "CAO, DANIEL:danielcao"]
[Black "Feng, Jay:TheDeadlyPawn"]
[Result "0-1"]
[ICCResult "White checkmated"]
[WhiteElo "1285"]
[BlackElo "1586"]
[Opening "Caro-Kann: Tartakower (Nimzovich) variation"]
[ECO "B15"]
[NIC "CK.06"]
[Time "15:30:16"]
[PlyCount "112"]
[TimeControl "2400+10"]

1. e4 c6 2. d4 d5 3. Nc3 dxe4 4. Nxe4 Nf6 5. Nxf6+ exf6 6. Nf3 Bd6 7. Bd3
O-O 8. h4 Re8+ 9. Be3 Qb6 10. b3 Bb4+ 11. Ke2 Bg4 12. Kf1 Bc3 13. Rc1 Nd7
14. Bxh7+ Kxh7 15. Qd3+ Kg8 16. Qxc3 Rad8 17. Nh2 Be6 18. h5 Qa6+ 19. Ke1
Nb6 20. h6 Nd5 21. Qd2 Bf5 22. hxg7 c5 23. Nf3 cxd4 24. Nxd4 Nxe3 25. fxe3
Bh7 26. g3 Kxg7 27. Kf2 Rh8 28. Qd1 Bg6 29. Qg4 Qa5 30. b4 Qg5 31. Qxg5 fxg5
32. Kg2 Be4+ 33. Nf3 Rd2+ 34. Kg1 Rxh1+ 35. Kxh1 Bxf3+ 36. Kg1 Rd1+ 37. Rxd1
Bxd1 38. c3 b5 39. Kf2 f5 40. Ke1 Bf3 41. Kf2 Bd5 42. a3 Kf6 43. Ke2 Ke5 44.
Kd2 Ke4 45. Kc2 Kxe3 46. g4 fxg4 47. c4 Bxc4 48. a4 a6 49. axb5 axb5 50. Kd1
g3 51. Ke1 g2 52. Kd1 g1=Q+ 53. Kc2 Qf2+ 54. Kc1 Qd2+ 55. Kb1 Bb3 56. Ka1
Qa2# {White checkmated} 0-1

[Event "ICC tourney 2928 (40 10)"]
[Site "Internet Chess Club"]
[Date "2022.06.04"]
[Round "3"]
[White "JACKSON, MASSIMO MATEO:Yeetamus123"]
[Black "WENG, JOHNSON:K01-30136161"]
[Result "1-0"]
[ICCResult "Black checkmated"]
[WhiteElo "1525"]
[BlackElo "1221"]
[Opening "Owen defense"]
[ECO "B00"]
[NIC "VO.01"]
[Time "15:30:28"]
[PlyCount "101"]
[TimeControl "2400+10"]

1. e4 b6 2. d4 Bb7 3. Nc3 e6 4. Nf3 Bb4 5. Qd3 Bxc3+ 6. bxc3 Nf6 7. e5 Nd5
8. g3 d6 9. Bg2 dxe5 10. Nxe5 O-O 11. O-O Nd7 12. Qe4 N7f6 13. Qh4 Ba6 14.
c4 Ne7 15. Bxa8 Qxa8 16. Ba3 Nf5 17. Qh3 Rd8 18. c3 Ne4 19. Qh5 g6 20. Qf3
Bb7 21. Qd3 Ng5 22. h4 Nh3+ 23. Kh2 Bg2 24. f3 Bxf1 25. Rxf1 Nf4 26. gxf4
Nxh4 27. Be7 Nxf3+ 28. Qxf3 Qxf3 29. Rxf3 Re8 30. Bb4 a5 31. Ba3 f5 32. d5
exd5 33. cxd5 Rd8 34. Nc6 Rd7 35. Re3 Kg7 36. Re7+ Rxe7 37. Bxe7 Kf7 38. Bd8
Ke8 39. Bxc7 Kd7 40. Bxb6 a4 41. c4 Kd6 42. Ne5 a3 43. Nf7+ Ke7 44. Ng5 h6
45. Bc5+ Kf6 46. d6 hxg5 47. d7 gxf4 48. d8=Q+ Kf7 49. Qe7+ Kg8 50. Bd4 f3
51. Qg7# {Black checkmated} 1-0

[Event "ICC tourney 2928 (40 10)"]
[Site "Internet Chess Club"]
[Date "2022.06.04"]
[Round "3"]
[White "DUBE, DANIEL:betterone76"]
[Black "WU, NATHAN:nwazus"]
[Result "1-0"]
[ICCResult "Black checkmated"]
[WhiteElo "1521"]
[BlackElo "1287"]
[Opening "Caro-Kann: two knights variation"]
[ECO "B10"]
[NIC "CK.01"]
[Time "15:30:20"]
[PlyCount "67"]
[TimeControl "2400+10"]

1. e4 c6 2. Nf3 d5 3. Nc3 dxe4 4. Nxe4 Nf6 5. Qe2 Nxe4 6. Qxe4 Nd7 7. Bc4
Nf6 8. Ne5 e6 9. Qe2 Bd6 10. O-O O-O 11. d4 Qc7 12. c3 Nd7 13. Re1 c5 14.
Bd3 b6 15. Qh5 Nf6 16. Qh4 cxd4 17. cxd4 Bxe5 18. dxe5 Qd8 19. exf6 Qxd3 20.
fxg7 Re8 21. Bg5 Ba6 22. Rad1 Qc4 23. Re4 Qb5 24. Qh6 Qf5 25. Qh4 Qb5 26. h3
Qxb2 27. Rd7 Qxg7 28. Bf6 Qg6 29. Rg4 Kf8 30. Rxg6 fxg6 31. Qxh7 Re7 32.
Qh8+ Kf7 33. Qg7+ Ke8 34. Qxe7# {Black checkmated} 1-0

[Event "ICC tourney 2928 (40 10)"]
[Site "Internet Chess Club"]
[Date "2022.06.04"]
[Round "3"]
[White "HANKE, HARVEY:ThinkingPanda"]
[Black "HAMLETT, JAMES MORRISON:Hamlett144"]
[Result "0-1"]
[ICCResult "White forfeits on time"]
[WhiteElo "1601"]
[BlackElo "1249"]
[Opening "French: exchange variation"]
[ECO "C01"]
[NIC "FR.01"]
[Time "15:30:38"]
[PlyCount "70"]
[TimeControl "2400+10"]

1. e4 e6 2. d4 d5 3. exd5 exd5 4. Nf3 Bd6 5. Bd3 Nf6 6. O-O O-O 7. h3 b6 8.
Bg5 Ba6 9. Bxa6 Nxa6 10. Nc3 c6 11. Ne5 h6 12. Nxc6 Qc7 13. Bxf6 gxf6 14.
Qd3 Qb7 15. Nxd5 Qxc6 16. Nxf6+ Kg7 17. Nh5+ Kh8 18. Qxa6 Rg8 19. Ng3 Bxg3
20. fxg3 Rxg3 21. Rf2 Rag8 22. Qe2 Rxh3 23. Qe5+ Rg7 24. d5 Qg6 25. Qf5 Qg3
26. Qf4 Qg6 27. Re1 Rg3 28. Re8+ Kh7 29. Qe4 f5 30. Qe2 f4 31. Qe4 Qxe4 32.
Rxe4 f3 33. Re3 Rxg2+ 34. Rxg2 Rxg2+ 35. Kf1 Rxc2 {White forfeits on time}
0-1

[Event "ICC tourney 2928 (40 10)"]
[Site "Internet Chess Club"]
[Date "2022.06.04"]
[Round "3"]
[White "SULTAN, BASHIR Cisse:muzikmixer"]
[Black "LIN, MICHAEL:knightseu"]
[Result "1/2-1/2"]
[ICCResult "Game drawn by mutual agreement"]
[WhiteElo "1545"]
[BlackElo "1234"]
[Opening "English: four knights, 4.e3"]
[ECO "A28"]
[NIC "EO.06"]
[Time "15:30:30"]
[PlyCount "119"]
[TimeControl "2400+10"]

1. c4 e5 2. Nc3 Nf6 3. Nf3 Nc6 4. e3 d5 5. cxd5 Nxd5 6. Bb5 Bg4 7. h3 Bxf3
8. Qxf3 Nb4 9. O-O a6 10. Bc4 Qd7 11. d4 exd4 12. exd4 O-O-O 13. Qxf7 Qxf7
14. Bxf7 Nxd4 15. Bg5 Rd7 16. Be8 Rd6 17. Bh5 Ne6 18. Bg4 Kb8 19. Bh4 g5 20.
Bg3 Rb6 21. Rae1 Ng7 22. a3 h5 23. axb4 hxg4 24. Nd5 Rbh6 25. Bxc7+ Kc8 26.
Rc1 gxh3 27. Nb6+ Rxb6 28. Bxb6+ Kb8 29. gxh3 Rxh3 30. Kg2 g4 31. Bc5 Nf5
32. Rc3 Nh4+ 33. Kg1 Nf3+ 34. Rxf3 Rxf3 35. Rd1 Bxc5 36. bxc5 Rb3 37. Rd4
Rxb2 38. Rxg4 Rc2 39. Rg5 a5 40. c6 a4 41. cxb7 Kxb7 42. Ra5 Ra2 43. Kg2 a3
44. Kg3 Kb6 45. Ra8 Ra1 46. Kf4 a2 47. f3 Kb7 48. Ra3 Kc6 49. Ra6+ Kb5 50.
Ra8 Kb4 51. Rb8+ Kc3 52. Rc8+ Kd4 53. Rd8+ Kc5 54. Rc8+ Kd6 55. Rd8+ Ke7 56.
Ra8 Kd7 57. Kf5 Kc7 58. f4 Kb7 59. Ra3 Kc6 60. Kf6
{Game drawn by mutual agreement}
1/2-1/2

[Event "ICC tourney 2928 (40 10)"]
[Site "Internet Chess Club"]
[Date "2022.06.04"]
[Round "3"]
[White "VALE CRUZ, ARMIN:trucker"]
[Black "KRAJINOVIC, NIKOLA:NikolaKrajinov"]
[Result "1-0"]
[ICCResult "Black checkmated"]
[WhiteElo "1685"]
[BlackElo "1617"]
[Opening "French: advance, Paulsen attack"]
[ECO "C02"]
[NIC "FR.03"]
[Time "15:30:14"]
[PlyCount "73"]
[TimeControl "2400+10"]

1. e4 e6 2. d4 d5 3. e5 c5 4. c3 Nc6 5. Nf3 Nge7 6. Bd3 Bd7 7. O-O Ng6 8.
Re1 Be7 9. a3 O-O 10. g3 Rc8 11. h4 cxd4 12. h5 Nh8 13. cxd4 f5 14. exf6
Bxf6 15. Nc3 Nf7 16. Ne2 e5 17. dxe5 Nfxe5 18. Nxe5 Nxe5 19. Nf4 Bg4 20. Be2
Bxe2 21. Rxe2 Re8 22. Kg2 d4 23. Qb3+ Kh8 24. Bd2 b6 25. Rh1 Qd7 26. Rxe5 h6
27. Ng6+ Kh7 28. Rxe8 Rxe8 29. Re1 Qc6+ 30. Kh2 Rxe1 31. Bxe1 Qc1 32. Bb4
Qf1 33. Qf3 d3 34. Qf5 Qe2 35. Ne7+ Kh8 36. Qc8+ Kh7 37. Qg8# {Black
checkmated} 1-0

[Event "ICC tourney 2928 (40 10)"]
[Site "Internet Chess Club"]
[Date "2022.06.04"]
[Round "3"]
[White "STINSON, RUSSELL:rcstinson"]
[Black "BRUDNO, STEPHEN:StevChess01"]
[Result "1-0"]
[ICCResult "Black resigns"]
[WhiteElo "1400"]
[BlackElo "1532"]
[Opening "Sicilian: Grand Prix attack"]
[ECO "B23"]
[NIC "SI.44"]
[Time "15:30:16"]
[PlyCount "97"]
[TimeControl "2400+10"]

1. e4 c5 2. Nc3 Nc6 3. f4 g6 4. Bb5 Nd4 5. Bc4 Bg7 6. Nf3 e6 7. O-O Ne7 8.
d3 O-O 9. Ne2 Nxf3+ 10. Rxf3 d5 11. exd5 exd5 12. Bb3 b5 13. c3 Bb7 14. d4
c4 15. Bc2 Bc8 16. a4 b4 17. cxb4 Nf5 18. h3 Qb6 19. a5 Qxb4 20. b3 cxb3 21.
Bxf5 Bxf5 22. Rxb3 Qd6 23. Ba3 Qa6 24. Bxf8 Rxf8 25. Ng3 Bc2 26. Qxc2 Bxd4+
27. Kh2 Bxa1 28. Qc5 Qc4 29. Qxc4 dxc4 30. Rb7 Bd4 31. Rc7 c3 32. Ne2 Bg7
33. Nxc3 Rd8 34. Ne4 Bd4 35. Ng5 Rd5 36. Nxf7 Rxa5 37. Nh6+ Kf8 38. Rf7+ Ke8
39. Rxh7 Be3 40. Kg3 Ra4 41. Rf7 Ra3 42. Kg4 Ra2 43. g3 Bf2 44. Kf3 Be1 45.
g4 Ra3+ 46. Kg2 Ra2+ 47. Kf1 Bf2 48. Rf6 Be3 49. Re6+ {Black resigns} 1-0

[Event "ICC tourney 2928 (40 10)"]
[Site "Internet Chess Club"]
[Date "2022.06.04"]
[Round "3"]
[White "GUO, ELLA:SunnyCountry"]
[Black "CAREY, MICHAEL P:xyzchessdude"]
[Result "0-1"]
[ICCResult "White resigns"]
[WhiteElo "1441"]
[BlackElo "1822"]
[Opening "Sicilian: Sozin, Benkö variation"]
[ECO "B57"]
[NIC "SI.25"]
[Time "15:30:15"]
[PlyCount "108"]
[TimeControl "2400+10"]

1. e4 c5 2. Nf3 Nc6 3. d4 cxd4 4. Nxd4 Nf6 5. Nc3 d6 6. Bc4 Qb6 7. Nb3 e6 8.
O-O a6 9. Be3 Qc7 10. a4 b6 11. Kh1 Be7 12. Qd2 Ne5 13. Be2 Bb7 14. f3 O-O
15. Qe1 Rfe8 16. Qf2 Ned7 17. Rfd1 d5 18. exd5 Nxd5 19. Nxd5 Bxd5 20. Bd3
Nc5 21. Nxc5 Bxc5 22. b3 a5 23. Rac1 Rac8 24. Re1 Bxe3 25. Qxe3 Qc5 26. Qd2
Red8 27. Qf4 Qc3 28. Be4 h6 29. h3 Bxe4 30. Qxe4 Rd2 31. Red1 Rcd8 32. Qe1
Kf8 33. Rxd2 Qxd2 34. Qxd2 Rxd2 35. Kg1 Ke7 36. c4 Kd6 37. Re1 Rd3 38. Rb1
Kc5 39. Kf2 Kb4 40. Ke2 Rxb3 41. Rc1 Rc3 42. Rb1+ Rb3 43. Rc1 Rb2+ 44. Kf1
Kc5 45. g3 Rb4 46. Ke2 Rxa4 47. Kd3 Ra3+ 48. Ke4 a4 49. g4 Rb3 50. Ra1 a3
51. Rc1 a2 52. Ra1 Ra3 53. h4 Kxc4 54. f4 Kb3 {White resigns} 0-1

[Event "ICC tourney 2928 (40 10)"]
[Site "Internet Chess Club"]
[Date "2022.06.04"]
[Round "3"]
[White "FURMAN, MIKHAIL:mfurm"]
[Black "S.M, UMER:uncrackable"]
[Result "0-1"]
[ICCResult "White checkmated"]
[WhiteElo "1583"]
[BlackElo "1800"]
[Opening "English opening"]
[ECO "E62"]
[NIC "QP.11"]
[Time "15:30:17"]
[PlyCount "146"]
[TimeControl "2400+10"]

1. Nf3 Nf6 2. c4 g6 3. g3 Bg7 4. Nc3 O-O 5. Bg2 d6 6. d4 c6 7. e4 Qa5 8. O-O
Qh5 9. Nh4 Qxd1 10. Rxd1 e5 11. Ne2 Re8 12. d5 cxd5 13. cxd5 Na6 14. f3 Bd7
15. Be3 Rec8 16. Rac1 Nb4 17. Nc3 a5 18. Bf1 Bf8 19. b3 Be7 20. Ng2 Ne8 21.
a3 Na6 22. Bb6 Nc5 23. Rb1 Nxb3 24. Rxb3 a4 25. Rdb1 axb3 26. Rxb3 Bd8 27.
Bxd8 Rxd8 28. Ne3 Rdc8 29. Nc4 Rc7 30. Nb6 Ra5 31. f4 f6 32. Kf2 Kf8 33. Ke3
Ke7 34. Kd2 Rac5 35. a4 f5 36. fxe5 dxe5 37. Bd3 Nd6 38. Nxd7 Kxd7 39. exf5
gxf5 40. g4 e4 41. Be2 f4 42. Bf1 e3+ 43. Kd3 Rxc3+ 44. Rxc3 Rxc3+ 45. Kxc3
f3 46. Kd3 e2 47. Bxe2 fxe2 48. Kxe2 Ke7 49. Kd3 Nf7 50. h4 Ne5+ 51. Kd4
Nxg4 52. Kc5 Ne3 53. d6+ Kd7 54. a5 Nf5 55. h5 Nxd6 56. Kb6 h6 57. a6 bxa6
58. Kxa6 Ke6 59. Kb6 Kf5 60. Kc5 Ne4+ 61. Kd4 Nf6 62. Ke3 Nxh5 63. Kf3 Kg5
64. Kf2 Kh4 65. Kf3 Kh3 66. Kf2 Nf6 67. Kf1 h5 68. Kg1 Kg3 69. Kh1 h4 70.
Kg1 h3 71. Kh1 Ng4 72. Kg1 h2+ 73. Kh1 Nf2# {White checkmated} 0-1